 Dungeon Sprint DCSS version 0.17-a0-1184-gb75be8f (webtiles) character file.

156 Kidiri the Covert (level 5, 0/55 HPs)
             Began as a Naga Monk on June 1, 2015.
             Was an Elder of Dithmenos.
             Slain by Pikel
             ... wielding a +0 whip of flaming
              (1 damage)
             ... in the Dungeon (Sprint VII: "The Pits") on June 2, 2015.
             The game lasted 00:03:53 (809 turns).

Kidiri the Covert (Naga Monk)                        Turns: 809, Time: 00:03:53

Health: 0/55       AC:  2    Str: 13    XL:     5   Next: 38%
Magic:  6/6        EV: 12    Int: 10    God:    Dithmenos [****..]
Gold:   0          SH:  0    Dex: 15    Spells: 0 memorised, 4 levels left

rFire  . . .     SeeInvis +       - Unarmed
rCold  . . .     Clarity  .     a - +0 robe
rNeg   . . .     SustAt   .     (no shield)
rPois  +         Gourm    .     (no helmet)
rElec  .         Spirit   .     (no cloak)
rCorr  .         Warding  .     (no gloves)
rMut   .         NoTele   +     (no barding)
MR     .....                    (no amulet)
Stlth  +++++++...               (no ring)
                                (no ring)

@: wreathed by umbra, very slow, not resistant to hostile enchantments,
extremely stealthy
A: see invisible, deformed body, poison resistance, slowness 2, slow metabolism
1, spit poison 2, AC +1
a: Spit Poison, Shadow Step, Renounce Religion


You were in the Dungeon.
You worshipped Dithmenos.
Dithmenos was greatly pleased with you.
You were not hungry.

You visited 1 branch

Inventory:

Armour
 a - a +0 robe (worn)
Scrolls
 l - 3 scrolls of remove curse
 m - 5 scrolls of amnesia
 n - a scroll of summoning
Potions
 c - 5 potions of curing
 e - a potion of haste
 f - 4 potions of magic
 g - 3 potions of berserk rage
 k - 2 potions of invisibility
Comestibles
 b - 8 bread rations
 i - 40 fruits
 j - 7 meat rations


   Skills:
 * Level 6.1 Fighting
 * Level 4.7 Dodging
 * Level 8.3 Stealth
 * Level 6.5 Unarmed Combat
 + Level 1.9 Invocations


You had 4 spell levels left.
You didn't know any spells.

Dungeon Overview and Level Annotations

Branches:
Dungeon (1/1)

Altars:
Ashenzari
Cheibriados
Dithmenos
Elyvilon
Fedhas
Gozag
Kikubaaqudgha
Makhleb
Nemelex Xobeh
Okawaru
Qazlal
Ru
Sif Muna
Trog
Vehumet
Xom
Yredelemnul
Zin
The Shining One
Beogh
Jiyva
Lugonu

Annotations:
D Pikel


Innate Abilities, Weirdness & Mutations

You cannot wear boots.
Your serpentine skin is tough (AC +1).
You have supernaturally acute eyesight.
Armour fits poorly on your strangely shaped body.
Your system is resistant to poisons.
You cover ground very slowly.
You have a slow metabolism.
You can spit poison.


Message History

Pikel is heavily wounded.
Your shadow closely misses Pikel.
Pikel hits you with a whip of flaming!
* * * LOW HITPOINT WARNING * * *
Pikel burns you.
* * * LOW HITPOINT WARNING * * *
You punch Pikel!
Pikel is severely wounded.
Pikel hits you with a whip of flaming.
* * * LOW HITPOINT WARNING * * *
Pikel burns you.
* * * LOW HITPOINT WARNING * * *
Drink which item? (? for menu, Esc to quit)
You don't have any such object.
Drink which item? (? for menu, Esc to quit)
You don't have any such object.
Drink which item? (? for menu, Esc to quit)
You feel better. Pikel hits you with a whip of flaming!
* * * LOW HITPOINT WARNING * * *
Pikel burns you.
You die...

#_#)))#.#?(##.....
#######'#####.....
#...........'.....
#'#####'#####.....
#.#..#.....##.....
#.#))#####'#####'#
#.#))#...).##.....
#.#))#.....##.....
#@#[[###'####.....
#K##'#.....##...<.
#p#........##.....
#p#........##.....
#p###########.....
#.......# ######
#..#.#..#
#)##l##.#
#...p...#


You could see Pikel and 3 slaves.

Vanquished Creatures
  A slave (D)
  A giant frog (D)
  A crimson imp (D)
  An iron imp (D)
  A gnoll (D)
  2 adders (D)
  An ooze (D)
  A worm (D)
  A giant gecko (D)
  A bat skeleton (D)
  2 hobgoblins (D)
  A ball python (D)
  A rat (D)
15 creatures vanquished.

Notes
Turn   | Place    | Note
--------------------------------------------------------------
     0 | D        | Kidiri the Naga Monk began the quest for the Orb.
     0 | D        | Reached XP level 1. HP: 21/21 MP: 1/1
    36 | D        | Found a sacrificial altar of Ru.
    36 | D        | Found a basalt altar of Yredelemnul.
    36 | D        | Found a shadowy altar of Dithmenos.
    36 | D        | Found a deep blue altar of Sif Muna.
    36 | D        | Found a burning altar of Makhleb.
    36 | D        | Found a shimmering altar of Xom.
    36 | D        | Found an ancient bone altar of Kikubaaqudgha.
    36 | D        | Found a sparkling altar of Nemelex Xobeh.
    37 | D        | Found a glowing golden altar of the Shining One.
    37 | D        | Found a bloodstained altar of Trog.
    37 | D        | Found a shattered altar of Ashenzari.
    37 | D        | Found a white marble altar of Elyvilon.
    37 | D        | Found a snail-covered altar of Cheibriados.
    37 | D        | Found a blossoming altar of Fedhas.
    37 | D        | Found a radiant altar of Vehumet.
    37 | D        | Found a glowing silver altar of Zin.
    37 | D        | Found a corrupted altar of Lugonu.
    37 | D        | Found a viscous altar of Jiyva.
    37 | D        | Found a roughly hewn altar of Beogh.
    37 | D        | Found an iron altar of Okawaru.
    40 | D        | Became a worshipper of Dithmenos the Shadowed
    40 | D        | Acquired Dithmenos's first power
    44 | D        | Found a stormy altar of Qazlal.
    44 | D        | Found an opulent altar of Gozag.
    80 | D        | Reached XP level 2. HP: 6/30 MP: 2/2
   327 | D        | Reached skill level 5 in Stealth
   327 | D        | Reached XP level 3. HP: 24/36 MP: 3/3
   427 | D        | Noticed a crimson imp
   437 | D        | Acquired Dithmenos's second power
   437 | D        | Reached skill level 5 in Unarmed Combat
   452 | D        | Killed a crimson imp
   452 | D        | Reached skill level 5 in Fighting
   452 | D        | Reached skill level 6 in Stealth
   452 | D        | Reached XP level 4. HP: 14/46 MP: 4/4
   726 | D        | Noticed a giant frog
   729 | D        | Noticed an iron imp
   729 | D        | Noticed a slave
   729 | D        | Noticed a slave
   730 | D        | Noticed a slave
   737 | D        | Noticed a slave
   738 | D        | Noticed Pikel
   742 | D        | Killed an iron imp
   742 | D        | Acquired Dithmenos's third power
   742 | D        | Reached skill level 7 in Stealth
   777 | D        | Killed a slave
   787 | D        | Killed a giant frog
   787 | D        | Reached skill level 8 in Stealth
   787 | D        | Reached skill level 1 in Invocations
   787 | D        | Reached XP level 5. HP: 25/55 MP: 4/6
   809 | D        | HP: 1/55 [Pikel/whip of flaming (9)]
   809 | D        | Slain by Pikel

Vault maps used:
D:        pitsprint

Action                   |  1- 3 |  4- 6 || total
-------------------------+-------+-------++-------
Melee: Unarmed           |    40 |    62 ||   102
 Abil: Spit Poison       |       |     4 ||     4
  Use: Potion            |       |     7 ||     7
       Scroll            |       |     1 ||     1
 Stab: Sleeping          |     4 |     1 ||     5
